 Dungeon Crawl Stone Soup version 0.26.0-11-g8f856b5395 (webtiles) character file.

Game seed: 13619783653907681522

604 trckry the Ruffian (level 7, -1/49 (52) HPs)
             Began as a White Draconian Transmuter on Jan 13, 2021.
             Slain by a centaur (12 damage)
             ... on level 5 of the Dungeon on Jan 14, 2021.
             The game lasted 00:10:29 (4353 turns).

trckry the Ruffian (White Draconian Transmuter)     Turns: 4353, Time: 00:10:30

HP:   -1/49 (52)    AC:  6    Str: 13    XL:     7   Next: 18%
MP:   9/10          EV: 12    Int: 15    God:
Gold: 178           SH:  0    Dex: 11    Spells: 9/10 levels left

rFire    . . .     SeeInvis .     - Unarmed
rCold    + . .     Faith    .   (no shield)
rNeg     . . .     Spirit   .   (armour unavailable)
rPois    .         Reflect  .   (helmet currently unavailable)
rElec    .         Harm     .   (no cloak)
rCorr    .         Rampage  .   (no gloves)
Will     .....                  (boots currently unavailable)
Stlth    +.........             o - amulet of regeneration
HPRegen  0.56/turn              (no ring)
MPRegen  0.12/turn              (no ring)

@: appendages, drained
A: breathe frost, unfitting armour, horns 2, talons 2, cold resistance 1,
cold-blooded, AC +6
a: Breathe Frost, End Transformation


You were on level 5 of the Dungeon.
You had grown temporary horns.
You had grown temporary talons.
You visited 1 branch of the dungeon, and saw 5 of its levels.

You collected 178 gold pieces.

Inventory:

Hand Weapons
 u - a +0 dagger of venom
Armour
 l - a +0 kite shield
 w - a +0 pair of boots (melded)
Jewellery
 o - an amulet of regeneration (around neck)
Wands
 q - a wand of flame (8)
 x - a wand of disintegration (8)
Scrolls
 b - 6 scrolls of identify {unknown}
 d - 4 scrolls of fog {unknown}
 e - 4 scrolls of remove curse {unknown}
 g - a scroll of random uselessness {unknown}
 h - a scroll of blinking {unknown}
 n - a scroll of enchant armour {unknown}
 r - 3 scrolls of fear
 s - a scroll of teleportation {unknown}
 y - a scroll of amnesia {unknown}
Potions
 a - 2 potions of degeneration {unknown}
 c - a potion of haste {unknown}
 f - 2 potions of curing
 i - a potion of brilliance {unknown}
 j - a potion of attraction {unknown}
 k - a potion of cancellation {unknown}
 m - 4 potions of might
 p - 2 potions of mutation {unknown}
 t - a potion of berserk rage {unknown}
 v - a potion of flight {unknown}


   Skills:
 - Level 1.1 Fighting
 - Level 1.7 Dodging
 + Level 2.3 Shields
 * Level 5.6 Unarmed Combat
 - Level 2.0 Spellcasting
 * Level 5.1 Transmutations
 + Level 2.2 Evocations


You had 9 spell levels left.
You knew the following spells:

 Your Spells              Type           Power        Failure   Level
a - Beastly Appendage     Tmut           32%          2%          1

Your spell library contained the following spells:

 Spells                   Type           Power        Failure   Level
 Wereblood                Tmut           16%          4%          2
 Spider Form              Tmut/Pois      4%           24%         3
 Confusing Touch          Hex            1%           54%         3
 Gell's Gravitas          Tloc           0%           54%         3
 Blade Hands              Tmut           8%           58%         5
 Ice Form                 Ice/Tmut       9%           61%         4
 Petrify                  Tmut/Erth      9%           61%         4
 Yara's Violent Unravell  Hex/Tmut       4%           91%         5
 Metabolic Englaciation   Hex/Ice        0%           99%         5


Dungeon Overview and Level Annotations

Branches:
Dungeon (5/15)             Temple (0/1) D:4

Altars:
Kikubaaqudgha
Trog

Annotations:
D:2 Natasha, Sigmund


Innate Abilities, Weirdness & Mutations

You can breathe waves of freezing cold.
You can buffet flying creatures when you breathe cold.
Your icy white scales are hard. (AC +6)
You cannot fit into any form of body armour.
Your flesh is cold resistant. (rC+)
You are cold-blooded and may be slowed by cold attacks.
You have a pair of horns on your head.
You have razor-sharp toenails.


Message History

You hit the centaur but do no damage.
The centaur is moderately wounded.
The centaur hits you but does no damage.
An ice beast comes into view.
You hit the centaur. Your kick misses the centaur.
The centaur is moderately wounded.
The centaur hits you.
* * * LOW HITPOINT WARNING * * *
The centaur completely misses you.
You hit the centaur. Your headbutt misses the centaur.
The centaur is heavily wounded.
The centaur barely misses you.
You barely miss the centaur.
The centaur is heavily wounded.
The centaur hits you.
* * * LOW HITPOINT WARNING * * *
You hit the centaur but do no damage.
The centaur is heavily wounded.
The centaur misses you. The centaur hits you!
You die...

#.#......#..##
#.#<.....#..#. #
#######.(†.....#..#. ..
........(...........
#.#######(.#####.#..#.
.#......((..# #.#..#.
...........#### #.#..#†
#######.(........#.#..#.
.......@.........#.#..#.
#######c##########(#..#.
#z. ..#..#. ###Y #. ..
#. .. #### ... .... ...
###


You could see an ice beast, a centaur (strong) and a wight.

Vanquished Creatures
  A centaur (D:5)
  A scorpion (D:5)
  2 wights (D:5)
  A howler monkey (D:5)
  A hound (D:4)
  An orc priest (D:3)
  A centaur skeleton (D:5)
  3 orc wizards (D:4)
  2 worker ants (D:4)
  3 adders
  An ooze (D:1)
  2 worms
  7 leopard geckos
  9 orcs
  6 giant cockroaches
  8 goblins
  10 hobgoblins
  10 jackals
  10 kobolds
  A quokka (D:3)
  4 bats
  3 frilled lizards
  6 rats
93 creatures vanquished.

Vanquished Creatures (others)
  A wizard (D:3)
1 creature vanquished.

Grand Total: 94 creatures vanquished

Notes
Turn   | Place    | Note
-------+----------+-------------------------------------------
     0 | D:1      | trckry the Draconian Transmuter began the quest for the
                  | Orb.
     0 | D:1      | Reached XP level 1. HP: 16/16 MP: 3/3
   202 | D:1      | Reached XP level 2. HP: 14/23 MP: 3/5
   872 | D:1      | Reached XP level 3. HP: 18/28 MP: 6/6
  1550 | D:1      | Upgraded the game from 0.26.0-10-g1f06aea511 to
                  | 0.26.0-11-g8f856b5395
  1597 | D:2      | Noticed Sigmund
  1923 | D:2      | Noticed Natasha
  2000 | D:3      | Reached XP level 4. HP: 31/35 MP: 7/7
  2740 | D:3      | Found a bloodstained altar of Trog.
  2741 | D:3      | Noticed a wizard
  2746 | D:3      | Killed a wizard
  2818 | D:4      | Found an ancient bone altar of Kikubaaqudgha.
  2865 | D:4      | Reached skill level 1 in Shields
  2865 | D:4      | Reached XP level 5. HP: 28/40 MP: 6/8
  3150 | D:4      | Found a staircase to the Ecumenical Temple.
  3191 | D:4      | Reached skill level 1 in Evocations
  3490 | D:4      | Reached XP level 6. HP: 42/47 MP: 9/9
  3503 | D:4      | Reached skill level 5 in Unarmed Combat
  3944 | D:5      | Entered Level 5 of the Dungeon
  4228 | D:5      | Your scales start taking on an icy white colour.
  4228 | D:5      | Reached XP level 7. HP: 49/52 MP: 8/10
  4228 | D:5      | Gained mutation: Your flesh is cold resistant. (rC+) [White
                  | Draconian growth]
  4266 | D:5      | Reached skill level 5 in Transmutations
  4353 | D:5      | Slain by a centaur

Illustrated notes

Levels and vault maps discovered:
D:1:      eino_arrival_cavern_a, layout_loops_corners, minmay_quantized
D:2:      layout_rooms, marbit_many_paths, fedhas_ov_isle_minmay, uniq_natasha,
          uniq_sigmund
D:3:      layout_basic, trog_wizard
D:4:      layout_loops_ring, kiku_gazebo_pond_becter,
          minmay_temple_entry_glassed_door, kennysheep_potato
D:5:      layout_basic

Skill      XL: |  1  2  3  4  5  6  7 |
---------------+----------------------+-----
Transmutations | 3 4 5 |  5.1
Unarmed Combat | 4 5 |  5.6
Shields        | 1 2 |  2.3
Evocations     | 1 2 |  2.2
Fighting       | |  1.1
Dodging        | |  1.7
Spellcasting   | |  2.0

Action                   |  1- 3 |  4- 6 |  7- 9 || total
-------------------------+-------+-------+-------++-------
Melee: Unarmed           |   146 |   170 |    32 ||   348
       Headbutt          |     8 |    16 |     3 ||    27
       Tailslap          |    14 |    19 |     3 ||    36
       Kick              |    12 |    35 |     8 ||    55
       Punch             |       |     6 |       ||     6
 Cast: Beastly Appendage |    16 |    24 |     2 ||    42
 Abil: Breathe Frost     |       |       |     1 ||     1
  Use: Potion            |       |     3 |       ||     3
       Scroll            |       |     1 |       ||     1
 Stab: Sleeping          |       |     2 |       ||     2
Armor: Skin              |    49 |    43 |     2 ||    94
Dodge: Dodged            |   103 |   106 |    24 ||   233
